Map: Blackpink LE

Players

Spazymazy - Winner!

  • Race: Zerg Zerg
  • Spawn Location: 7:00

SpaceMarine

  • Race: Protoss Protoss
  • Spawn Location: 1:00

Event: WCS Leipzig 2018

VOD

Have the link to the VOD?

Description

Time

  • Played on: Jan. 26, 2018, 6:30 a.m.
  • Length: 9:06

All games in this series

Show
View Real Time Build Order
Export as new Build Order

Spazymazy Zerg - Winner!

Build Orders: Hatch First 

Get SALT Encoding   

  12  0:00  Drone  
  13  0:12  Overlord  
  13  0:17  Drone  
  14  0:30  Drone x2  
  14  0:34  Drone  
  17  0:51  Hatchery  
  17  0:54  Drone  
  17  0:57  Extractor  
  17  0:59  Drone  
  17  1:13  Spawning Pool  
  17  1:16  Drone  
  17  1:19  Drone  
  18  1:28  Drone  
  19  1:38  Overlord  
  19  1:53  Drone  
  20  1:59  Queen  
  22  2:02  Metabolic Boost  
  22  2:03  Queen  
  22  2:05  Zergling x2  
  22  2:08  Drone  
  26  2:15  Drone x2  
  28  2:22  Drone  
  29  2:37  Overlord  
  29  2:49  Zergling x8  
  33  2:54  Zergling x2  
  34  3:03  Zergling x2  
  35  3:07  Zergling x4  
  35  3:08  Zergling x6  
  35  3:09  Hatchery  
  37  3:20  Drone x2, Overlord  
  37  3:21  Drone  
  40  3:29  Drone x2  
  41  3:39  Drone x2  
  41  3:45  Drone  
  41  3:46  Drone x2  
  44  3:51  Spore Crawler x2  
  44  3:52  Drone  
  44  3:54  Drone  
  43  3:56  Drone  
  43  3:57  Drone  
  43  3:58  Drone  
  44  4:04  Drone  
  44  4:05  Overlord  
  45  4:14  Overlord  
  45  4:17  Extractor x2  
  45  4:18  Drone  
  45  4:21  Drone x2  
  45  4:22  Queen  
  47  4:24  Overlord  
  47  4:25  Drone x2  
  47  4:31  Drone  
  50  4:33  Overlord  
  50  4:36  Roach Warren  
  49  4:39  Spore Crawler  
  49  4:41  Lair  
  49  4:43  Drone x2  
  49  4:44  Drone  
  51  4:51  Drone, Overlord  
  52  4:58  Queen  
  54  5:00  Queen  
  54  5:03  Drone  
  54  5:06  Drone x3  
  60  5:11  Drone x3  
  63  5:16  Overlord  
  63  5:19  Drone x2  
  65  5:27  Roach x4  
  71  5:42  Hydralisk Den  
  70  5:43  Drone  
  70  5:44  Drone x2, Extractor  
  72  5:53  Drone x3, Extractor, Evolution Chamber  
  72  5:54  Overseer  
  72  5:56  Zergling x10  
  72  5:57  Zergling x2  
  79  6:01  Overlord  
  79  6:04  Evolution Chamber  
  77  6:06  Drone x2  
  79  6:12  Hydralisk x3  
  79  6:13  Roach x2  
  88  6:18  Zerg Missile Weapons Level 1  
  88  6:21  Roach, Hydralisk  
  88  6:22  Roach x3  
  98  6:26  Muscular Augments  
  98  6:31  Overlord x2  
  98  6:37  Hydralisk  
  98  6:38  Hydralisk x2  
  104  6:40  Overlord  
  104  6:47  Hydralisk  
  104  6:49  Overlord  
  104  6:50  Overlord  
  104  7:07  Drone x3  
  104  7:08  Drone x4  
  105  7:09  Drone x3  
  105  7:15  Hydralisk x2  
  114  7:19  Drone x2  
  114  7:20  Drone  
  114  7:21  Drone x3  
  118  7:26  Drone x2  
  121  7:35  Hydralisk  
  121  7:36  Extractor, Hydralisk x2  
  125  7:44  Hydralisk x2  
  125  7:45  Hydralisk  
  128  7:54  Hydralisk x4  
  136  8:00  Hatchery, Hydralisk x2  
  128  8:07  Hydralisk x3  
  128  8:08  Hydralisk  
  122  8:15  Hydralisk x3  
  118  8:21  Hydralisk x3  
  124  8:27  Hydralisk x3  
  126  8:34  Hydralisk x3  
  126  8:39  Zergling x2  
  126  8:40  Zergling x6  
  128  8:42  Zergling x2  
  128  8:43  Zergling x2  
Show
View Real Time Build Order
Export as new Build Order

SpaceMarine Protoss 

Build Orders: 1 Gate Expand, Oracle Opening 

Get SALT Encoding   

  12  0:00  Probe  
  13  0:13  Probe  
  14  0:19  Pylon  
  14  0:25  Probe  
  15  0:38  Probe (Chrono Boost)  
  15  0:40  Gateway  
  16  0:49  Assimilator  
  17  0:50  Probe (Chrono Boost)  
  17  0:54  Probe (Chrono Boost)  
  18  1:05  Probe  
  19  1:19  Nexus  
  19  1:23  Probe  
  20  1:32  Cybernetics Core  
  20  1:36  Probe  
  21  1:41  Assimilator  
  21  1:48  Probe  
  22  1:54  Pylon  
  22  2:00  Probe  
  23  2:09  Warp Gate  
  23  2:10  Adept (Chrono Boost)  
  23  2:12  Probe  
  26  2:27  Probe (Chrono Boost)  
  27  2:31  Probe (Chrono Boost)  
  27  2:33  Stargate  
  27  2:35  Adept (Chrono Boost)  
  31  2:41  Probe x2 (Chrono Boost)  
  32  2:46  Pylon  
  32  2:48  Probe  
  32  2:49  Probe  
  34  3:01  Probe  
  34  3:03  Probe  
  36  3:10  Sentry  
  36  3:12  Gateway  
  38  3:17  Oracle  
  41  3:22  Gateway  
  41  3:26  Pylon  
  39  3:30  Shield Battery  
  38  3:47  Sentry (Chrono Boost)  
  28  3:59  Pylon  
  28  4:01  Probe x2  
  30  4:12  Sentry  
  30  4:13  Probe (Chrono Boost)  
  30  4:15  Probe (Chrono Boost)  
  34  4:19  Pylon  
  34  4:24  Oracle  
  37  4:26  Probe (Chrono Boost)  
  37  4:31  Probe (Chrono Boost)  
  39  4:33  Probe (Chrono Boost)  
  39  4:38  Probe (Chrono Boost)  
  41  4:42  Twilight Council  
  42  4:45  Probe (Chrono Boost)  
  42  4:46  Probe (Chrono Boost)  
  42  4:47  Pylon  
  42  4:52  Probe  
  44  4:57  Probe  
  44  4:59  Stalker  
  47  5:04  Probe  
  48  5:09  Probe  
  48  5:13  Resonating Glaives (Chrono Boost)  
  49  5:16  Probe  
  50  5:21  Probe  
  50  5:22  Adept x2  
  55  5:29  Probe  
  56  5:38  Probe  
  56  5:41  Adept, Probe, Assimilator  
  56  5:42  Assimilator  
  57  5:44  Adept x2  
  57  5:47  Pylon  
  61  5:50  Probe  
  61  5:53  Probe  
  63  5:58  Pylon  
  63  6:05  Adept  
  63  6:06  Adept x2  
  69  6:16  Nexus  
  69  6:21  Probe x2  
  71  6:25  Robotics Facility  
  71  6:28  Robotics Facility  
  71  6:34  Probe  
  71  6:39  Adept x3  
  77  6:47  Pylon  
  77  6:48  Pylon  
  77  6:53  Probe  
  78  6:58  Forge  
  66  7:16  Immortal x2 (Chrono Boost)  
  66  7:18  Adept x3  
  76  7:34  Nexus  
  76  7:37  Pylon  
  76  7:40  Sentry x3  
  82  7:45  Immortal (Chrono Boost)  
  82  7:47  Immortal (Chrono Boost)  
  89  7:53  Probe  
  89  7:54  Probe  
  87  8:07  Adept x2  
  87  8:08  Adept  
  78  8:17  Warp Prism (Chrono Boost)  
  76  8:26  Probe x2  
  78  8:32  Adept x3  
  79  8:42  Probe x2  
  79  8:47  Probe, Observer (Chrono Boost)  
  82  8:52  Gateway  
  82  8:54  Gateway  
  82  8:57  Gateway  
Tags
 
Add a new tag
Caveats
  • Supply blocks, unpowered buildings, or Contaminate may cause inaccurate times.
  • Supply counts are checked every 10 seconds.